 Dungeon Crawl Stone Soup version 0.32-a0-589-g2d1f746d5d (webtiles) character file.

Game seed: 5408884579354876570

326522 Dirtsage the Severer (level 20, -8/164 HPs)
             Began as a Demonspawn Berserker on Mar 2, 2024.
             Was the Champion of Trog.
             Mangled by Mennas
             ... wielding a +1 trishula of holy wrath
              (25 damage)
             ... on level 4 of the Vaults.
             The game lasted 01:36:22 (34621 turns).

Dirtsage the Severer (Demonspawn Berserker)        Turns: 34621, Time: 01:36:23

Health: -8/164     AC: 31    Str: 28    XL:     20   Next: 76%
Magic:  20/20      EV: 15    Int:  9    God:    Trog [******]
Gold:   3098       SH: 19    Dex: 20    Spells: 19/19 levels left

rFire   + + .        x - +6 broad axe (heavy)
rCold   + + +        G - +4 kite shield {reflect}
rNeg    + . .        U - +2 plate armour {rPois}
rPois   +            c - +0 helmet
rElec   +            (cloak unavailable)
rCorr   +            s - +0 pair of gloves of Mezcal {Fly Will+++ rCorr Str-2}
SInv    .            p - +5 pair of boots of Jusyt {rC++}
Will    ++++.        f - amulet of regeneration Stlth
                     I - ring "Dus Xeim" {+Blink rElec rN+ Str+6}
HPRegen 5.27/turn    w - ring of Bifuhaeq {^Drain +Blink rF++ rCorr Dex+6}
MPRegen 0.17/turn

%: reflection
@: mighty, lethally poisoned (-8 -> -9), flying, hasted, studying Ice Magic,
silenced, very quick
A: icy blue scales 3, powered by death 3, corrupting presence 2, weakness
stinger 3, foul shadow 2
}: 2/15 runes: serpentine, barnacled
a: Renounce Religion, Evoke Blink


You were on level 4 of the Vaults.
You worshipped Trog.
Trog was exalted by your worship.
You visited 7 branches of the dungeon, and saw 35 of its levels.
You also visited: Sewer and Ice Cave.

You collected 6118 gold pieces.
You spent 3020 gold pieces at shops.

Inventory:

Hand Weapons
 b - the +9 broad axe "Tarauvva" {flame, *Slow Fly rF+ rN+}
   (You found it on level 4 of the Shoals)

   rF+:       It protects you from fire.
   rN+:       It protects you from negative energy.
   Fly:       It grants you flight.
   *Slow:     It may slow you when you take damage.
 x - a +6 heavy broad axe (weapon)
 A - a +4 antimagic broad axe
 Z - a +9 broad axe of venom
Missiles
 K - 2 curare-tipped darts (quivered)
Armour
 c - a +0 helmet (worn)
 p - the +5 pair of boots of Jusyt (worn) {rC++}
   (You acquired it on level 4 of the Shoals)

   rC++:      It greatly protects you from cold.
 s - the +0 pair of gloves of Mezcal (worn) {Fly Will+++ rCorr Str-2}
   (You acquired it on level 5 of the Lair of Beasts)

   Str-2:     It affects your strength (-2).
   Will+++:   It greatly increases your willpower.
   Fly:       It grants you flight.
   rCorr:     It protects you from acid and corrosion.
 G - a +4 kite shield of reflection (worn)
 U - a +2 plate armour of poison resistance (worn)
Jewellery
 f - an amulet of regeneration (around neck)
 o - an amulet of reflection
 w - the ring of Bifuhaeq (right hand) {^Drain +Blink rF++ rCorr Dex+6}
   (You bought it in a shop on level 10 of the Dungeon)

   [ring of dexterity]

   Dex+6:     It affects your dexterity (+6).
   rF++:      It greatly protects you from fire.
   +Blink:    It lets you blink.
   rCorr:     It protects you from acid and corrosion.
   ^Drain:    It drains your maximum health when unequipped.
 I - the ring "Dus Xeim" (left hand) {+Blink rElec rN+ Str+6}
   (You acquired it on level 1 of the Vaults)

   [ring of strength]

   Str+6:     It affects your strength (+6).
   rElec:     It insulates you from electricity.
   rN+:       It protects you from negative energy.
   +Blink:    It lets you blink.
 P - a ring of poison resistance
 Q - the ring "Dozapol" {rN+ Int+3}
   (You found it on level 1 of the Lair of Beasts)

   [ring of positive energy]

   Int+3:     It affects your intelligence (+3).
   rN+:       It protects you from negative energy.
 S - a ring of see invisible
Wands
 k - a wand of light (36)
 u - a wand of warping (46)
 z - a wand of mindburst (40)
 C - a wand of paralysis (14)
 D - a wand of digging (17)
 V - a wand of flame (58)
Scrolls
 a - a scroll of silence
 g - 2 scrolls of fear
 i - a scroll of torment
 m - 8 scrolls of noise
 r - 4 scrolls of poison
 t - 7 scrolls of teleportation
 v - a scroll of enchant armour
 y - 6 scrolls of fog
 B - 7 scrolls of blinking
 E - 2 scrolls of butterflies
 J - 6 scrolls of immolation
 M - 4 scrolls of revelation
Potions
 d - 8 potions of might
 e - 6 potions of berserk rage
 h - 3 potions of haste
 j - 4 potions of magic
 l - 14 potions of heal wounds
 n - 5 potions of resistance
 q - 4 potions of curing
 F - 8 potions of attraction
 O - 4 potions of mutation
 R - 3 potions of cancellation
 T - 4 potions of invisibility
 W - 6 potions of lignification
 Y - 2 potions of ambrosia
Miscellaneous
 L - a lightning rod (4/4)
 N - a box of beasts
 X - a phial of floods


   Skills:
 + Level 15.8 Fighting
 + Level 18.1 Axes
 + Level 13.0 Armour
 + Level 12.6 Dodging
 + Level 16.7 Shields
 * Level 12.5 Shapeshifting


You had 19 spell levels left.
You didn't know any spells.
Your spell library contained the following spells:

 Spells                   Type           Power      Damage    Failure   Level
 Apportation              Tloc           0%         N/A       98%         1
 Foxfire                  Conj/Fire      0%         2x1d4     98%         1
 Freeze                   Ice            0%         1d3       98%         1
 Kiss of Death            Conj/Necr      0%         2d5       98%         1
 Necrotise                Necr           0%         1d4       98%         1
 Shock                    Conj/Air       0%         1d3       98%         1
 Slow                     Hex            0%         N/A       98%         1
 Call Imp                 Summ           0%         N/A       99%         2
 Cigotuvi's Dreadful Rot  Necr/Alch/Air  0%         N/A       99%         2
 Ensorcelled Hibernation  Hex/Ice        0%         N/A       99%         2
 Jinxbite                 Hex            0%         N/A       99%         2
 Mercury Vapours          Alch/Air       0%         N/A       99%         2
 Sublimation of Blood     Necr           0%         N/A       99%         2
 Call Canine Familiar     Summ           0%         N/A       100%        3
 Confusing Touch          Hex            0%         N/A       100%        3
 Frozen Ramparts          Ice            0%         1d1       100%        3
 Fugue of the Fallen      Necr           0%         N/A       100%        3
 Gell's Gravitas          Tloc           0%         N/A       100%        3
 Hailstorm                Conj/Ice       0%         3d5       100%        3
 Mephitic Cloud           Conj/Alch/Air  0%         N/A       100%        3
 Ozocubu's Armour         Ice            0%         N/A       100%        3
 Passwall                 Erth           0%         N/A       100%        3
 Sigil of Binding         Hex            0%         N/A       100%        3
 Stone Arrow              Conj/Erth      0%         3d7       100%        3
 Swiftness                Air            0%         N/A       100%        3
 Teleport Other           Tloc           0%         N/A       100%        3
 Vampiric Draining        Necr           0%         2d6       100%        3
 Airstrike                Air            0%         2d(0-16)  100%        4
 Anguish                  Hex/Necr       0%         N/A       100%        4
 Animate Armour           Summ/Erth      0%         N/A       100%        4
 Animate Dead             Necr           0%         N/A       100%        4
 Brom's Barrelling Bould  Conj/Erth      0%         2d3       100%        4
 Dimensional Bullseye     Hex/Tloc       0%         N/A       100%        4
 Dispel Undead            Necr           0%         3d6       100%        4
 Ignite Poison            Fire/Alch      0%         N/A       100%        4
 Manifold Assault         Tloc           0%         N/A       100%        4
 Martyr's Knell           Necr/Summ      0%         N/A       100%        4
 Olgreb's Toxic Radiance  Alch           0%         N/A       100%        4
 Petrify                  Alch/Erth      0%         N/A       100%        4
 Sticky Flame             Fire/Alch      0%         2d4       100%        4
 Vhi's Electric Charge    Tloc/Air       0%         N/A       100%        4
 Alistair's Intoxication  Alch           0%         N/A       100%        5
 Arcjolt                  Conj/Air       0%         1d10      100%        5
 Curse of Agony           Necr           0%         N/A       100%        5
 Fireball                 Conj/Fire      0%         3d3       100%        5
 Freezing Cloud           Conj/Ice/Air   0%         6-21      100%        5
 Irradiate                Conj/Alch      0%         3d11      100%        5
 Iskenderun's Battlesphe  Conj           0%         2d6       100%        5
 Conjure Ball Lightning   Conj/Air       0%         3x3d6     100%        6
 Dispersal                Tloc           0%         N/A       100%        6
 Plasma Beam              Fire/Air       0%         2x1d10    100%        6
 Starburst                Conj/Fire      0%         6d3       100%        6
 Haunt                    Necr/Summ      0%         N/A       100%        7
 Orb of Destruction       Conj           0%         9d5       100%        7
 Ozocubu's Refrigeration  Ice            0%         4d7       100%        7
 Summon Hydra             Summ           0%         N/A       100%        7
 Discord                  Hex            0%         N/A       100%        8
 Ignition                 Fire           0%         3d3       100%        8
 Infestation              Necr           0%         N/A       100%        8
 Lehudib's Crystal Spear  Conj/Erth      0%         10d2      100%        8


Dungeon Overview and Level Annotations

Branches:
Dungeon (15/15)            Temple (1/1) D:4            Lair (5/5) D:8
 Shoals (4/4) Lair:2        Snake (4/4) Lair:3        Slime (0/5) Lair:4
    Orc (2/2) D:10            Elf (0/3) Orc:2        Vaults (4/5) D:14
  Crypt (0/3) Vaults:2     Depths (0/4) D:15          Sewer (visited)
  IceCv (visited)

Altars:
Ashenzari
Cheibriados
Dithmenos
Fedhas
Gozag
Hepliaklqana
Kikubaaqudgha
Makhleb
Nemelex Xobeh
Okawaru
Qazlal
Ru
Sif Muna
Trog
Uskayaw
Vehumet
Wu Jian
Xom
Yredelemnul
Beogh
Jiyva

Shops:
D:5 *   D:8 !   D:10 =   Orc:2 ??!?[   Shoals:1 !   Shoals:3 ?   Snake:1 :=:

Annotations:
Snake:2 1 runed translucent door
Vaults:4 Mennas


Innate Abilities, Weirdness & Mutations

You are completely covered in icy blue scales. (AC +4, rC+)
You regenerate a lot of health from kills.
Your presence sometimes corrodes or deforms those you injure.
You have a sharp stinger which inflicts weakening toxins.
You are shadowed, sometimes releasing foul flame when damaged in melee.


Message History

Mennas blocks your attack.
Your tail-slap misses Mennas.
Mennas is severely wounded.
You feel sick. You block Mennas's attack. x2
You regained 3 hp, and now have 30/164 hp.
You hit Mennas.
Your tail-slap misses Mennas.
Mennas is severely wounded.
You slice the ironbound convoker!!
Your corrupting presence corrodes the ironbound convoker!
You feel sick. You block Mennas's attack. x2
The ironbound convoker closely misses you.
You regained 3 hp, and now have 33/164 hp.
You closely miss Mennas.
Mennas is severely wounded.
You open the ironbound convoker like a pillowcase!!!
You kill the ironbound convoker!
Trog accepts your kill.
Trog appreciates your killing of a magic user.
You feel sick. You block Mennas's attack. x2
You regained 3 hp, and now have 36/164 hp.
You completely miss Mennas.
Mennas is severely wounded.
You feel sick. You block Mennas's attack.
Mennas hits you with a +1 trishula of holy wrath.
* * * LOW HITPOINT WARNING * * *
You convulse.
* * * LOW HITPOINT WARNING * * *
You block Mennas's attack. x2
You take 1 damage, and have 35/164 hp.
You slash Mennas!
Mennas is almost dead.
You feel sick. You block Mennas's attack.
Mennas hits you with a +1 trishula of holy wrath!
* * * LOW HITPOINT WARNING * * *
You convulse!
* * * LOW HITPOINT WARNING * * *
You take 21 damage, and have 14/164 hp.
Mennas blocks your attack.
Mennas is severely wounded.
Mennas hits you with a +1 trishula of holy wrath!!
You die...

###....# #......# ....
.......#......+ ....
.......#......# .....
.......#......# ....A
.....#......#### ......
....#........†.
......#######'##†.........
........A@.)...)[.......))
.......!)).....)).........
##'#+#########+###########
#....... #.......#
#.......# #.......#
#.......# #.......#


You could see Mennas (strong, silencing).

Vanquished Creatures
  Xtahua (Vaults:2)
  Jorgrun (Orc:1)
  2 sphinxes
  An ancient champion (Vaults:2)
  Kirke (D:13)
  An azure jelly (D:14)
  15 nagarajas (Snake:4)
  10 vault wardens
  3 frost giants (Shoals:1)
  2 formless jellyfish
  8 ironbound preservers
  2 quicksilver oozes (D:14)
  A stone giant (D:15)
  A reaper (IceCv)
  The ghost of Anay the Bludgeoner, a journeyman FoFi of Zin (D:14)
  6 ironbound thunderhulks
  A war gargoyle (Vaults:2)
  7 dire elephants (Vaults:3)
  Nessos (Lair:4)
  Snorg (D:11)
  9 merfolk javelineers
  8 merfolk impalers
  11 yaktaur captains
  5 great orbs of eyes
  Harold (Orc:1)
  3 salamander tyrants
  4 vault guards
  A hydra (Lair:5)
  The ghost of casual the Nimble, a journeyman CoMo of Cheibriados (D:12)
  6 ironbound frosthearts
  2 merfolk avatars
  An alligator (Lair:5)
  4 boulder beetles
  19 centaur warriors
  7 merfolk aquamancers
  3 satyrs
  2 alligator snapping turtles
  7 two-headed ogres
  A hell hog (Lair:5)
  13 anacondas
  3 tengu warriors (D:15)
  A death yak (D:7)
  14 naga warriors
  4 shock serpents
  15 naga sharpshooters
  A vampire mage (Vaults:2)
  3 salamander mystics (Snake:4)
  4 skysharks
  5 skeletal warriors (D:15)
  18 sea snakes
  Lodul (D:12)
  3 mana vipers
  A glowing orange brain (D:14)
  27 deep trolls
  4 arcanists
  A kraken simulacrum (Shoals:1)
  27 slime creatures
  Pikel (D:4)
  A necromancer (Vaults:4)
  12 harpies
  A tengu zombie (Vaults:4)
  4 naga ritualists
  15 ironbound convokers
  13 lindwurms
  A phantasmal warrior (Vaults:2)
  A deep elf pyromancer (D:15)
  4 orc knights
  24 fauns
  An orc sorcerer (Orc:2)
  2 wolf spiders
  6 cyclopes
  16 salamanders
  13 ugly things
  4 kobold blastminers
  25 manticores
  12 naga magi
  26 elephants
  7 guardian serpents
  35 black mambas
  10 merfolk sirens
  A titan simulacrum (Vaults:4)
  2 water nymphs (Shoals:1)
  A smoke demon (D:10)
  18 vault sentinels
  2 ice statues (IceCv)
  11 cane toads
  Jeremiah (D:6)
  2 gargoyles
  Maggie (D:10)
  2 unseen horrors
  8 rime drakes
  9 ice devils
  9 komodo dragons
  28 yaktaurs
  A freezing wraith (IceCv)
  2 efreet
  2 tengu conjurers (D:15)
  39 merfolk
  2 red devils (D:10)
  A human skeleton (Vaults:4)
  12 polar bears
  A wolf spider simulacrum (D:13)
  A merfolk (shapeshifter) (Vaults:3)
  3 raiju (Lair:5)
  7 trolls
  Prince Ribbit (D:6)
  2 tyrant leeches (Lair:5)
  5 wind drakes
  29 blink frogs
  A hornet (D:10)
  4 dream sheep
  9 snapping turtles
  Sigmund (D:6)
  73 yaks
  A shadow (D:10)
  5 wraiths
  A centaur simulacrum (D:13)
  A vampire (D:12)
  6 wyverns
  11 water elementals
  3 basilisks
  2 sea snake simulacra (Shoals:1)
  A yak (shapeshifter) (D:13)
  4 hogs (D:13)
  6 death yak simulacra
  5 steam dragons
  6 wargs
  7 vampire mosquitoes
  The ghost of noobster the Ducker, an amateur DjCj (D:3)
  4 harpy simulacra (Shoals:1)
  2 swamp worms (Lair:5)
  48 nagas
  14 hell hounds (Lair:5)
  11 water moccasins
  Duvessa (D:6)
  An acid dragon (D:13)
  15 black bears
  32 orc warriors
  An ice beast (D:6)
  A swamp drake (shapeshifter) (D:13)
  2 laughing skulls (D:15)
  12 ogres
  3 satyr simulacra (Shoals:1)
  6 boggarts
  30 wolves
  13 centaurs
  2 phantoms
  2 kobold brigands
  2 gnoll sergeants
  16 bullfrogs
  3 two-headed ogre simulacra (IceCv)
  4 scorpions
  5 wights (D:7)
  2 cane toad simulacra (IceCv)
  Dowan (D:6)
  3 killer bees (D:8)
  A troll zombie (D:10)
  2 manticore simulacra (Shoals:1)
  An elephant simulacrum (IceCv)
  3 snapping turtle simulacra (Shoals:1)
  7 electric eels
  6 howler monkeys
  A lava snake (D:10)
  4 hounds
  7 orc priests
  2 bombardier beetles
  A gnoll bouda (D:6)
  2 cyclops simulacra (Shoals:1)
  A jelly (D:4)
  2 sleepcaps
  3 iguanas
  9 orc wizards
  2 spriggan simulacra (IceCv)
  A polar bear simulacrum (IceCv)
  10 hell rats
  2 troll simulacra (IceCv)
  2 wolf simulacra (IceCv)
  5 ogre zombies (D:10)
  8 gnolls
  9 adders
  A naga simulacrum (IceCv)
  3 white imps
  An ufetubus (IceCv)
  18 dart slugs
  2 ribbon worms (D:4)
  47 orcs
  11 endoplasms
  11 giant cockroaches
  2 gnoll zombies (D:10)
  6 goblins
  11 hobgoblins
  2 jackals (D:3)
  9 quokkas
  19 ball pythons
  2 bats (D:1)
  10 frilled lizards
  2 gnoll skeletons (D:10)
  20 kobolds
  2 orc skeletons (D:10)
  13 orc zombies (D:10)
  6 rats
  A tentacle (Shoals:1)
1417 creatures vanquished.

Vanquished Creatures (collateral kills)
  The ghost of Vorhees the Fetichist, an adept CoAr of Gozag (Snake:3)
  An ironbound preserver (Vaults:2)
  The ghost of Nelug the Black Belt, a journeyman OpSh of Wu Jian (Lair:4)
  A great orb of eyes (D:14)
  A catoblepas (Lair:4)
  A naga ritualist (Snake:3)
  An obsidian statue (Snake:3)
  A black mamba (Snake:3)
  A slime creature (D:14)
  A torpor snail (Lair:4)
  A rime drake (Lair:4)
  A blink frog (Lair:4)
  2 bullfrogs (Lair:4)
14 creatures vanquished.

Vanquished Creatures (others)
  2 elephants (Lair:4)
  A merfolk (Shoals:3)
  3 tentacles (Shoals:1)
6 creatures vanquished.

Grand Total: 1437 creatures vanquished

Notes
Turn   | Place    | Note
-------+----------+-------------------------------------------
     0 | D:1      | Dirtsage the Demonspawn Berserker began the quest for the
                  | Orb.
     0 | D:1      | Reached XP level 1. HP: 18/18 MP: 1/1
   198 | D:1      | Reached skill level 3 in Axes
   433 | D:1      | Gained mutation: You regenerate a little health from kills.
                  | [demonic ancestry]
   433 | D:1      | Reached XP level 2. HP: 20/24 MP: 2/2
   461 | D:1      | Found a faded altar of an unknown god.
   862 | D:2      | Gained mutation: You regenerate health from kills. [demonic
                  | ancestry]
   862 | D:2      | Reached XP level 3. HP: 23/29 MP: 3/3
   987 | D:2      | Reached skill level 4 in Axes
  1197 | D:2      | Reached ** piety under Trog
  1693 | D:3      | Gained mutation: You have a small tail. [demonic ancestry]
  1693 | D:3      | Reached XP level 4. HP: 34/35 MP: 4/4
  1715 | D:3      | Found a glowing drain.
  1732 | Sewer    | Entered a sewer
  1880 | Sewer    | Reached skill level 5 in Axes
  2008 | Sewer    | Gained mutation: You are partially covered in icy blue
                  | scales. (AC +2) [demonic ancestry]
  2008 | Sewer    | Reached XP level 5. HP: 40/41 MP: 5/5
  2048 | Sewer    | Reached *** piety under Trog
  2170 | Sewer    | Reached skill level 6 in Axes
  2473 | D:3      | Found a large runed translucent door.
  2474 | D:3      | Found a large runed translucent door.
  2477 | D:3      | Noticed noobster's ghost (amateur DjCj)
  2609 | D:3      | Gained mutation: You are faintly shadowed, very rarely
                  | releasing foul flame when damaged in melee. [demonic
                  | ancestry]
  2609 | D:3      | Reached XP level 6. HP: 33/47 MP: 6/6
  2766 | D:4      | Reached **** piety under Trog
  2942 | D:4      | Found a radiant altar of Vehumet.
  2966 | D:4      | Reached skill level 7 in Axes
  2991 | D:4      | Found an ancient bone altar of Kikubaaqudgha.
  3013 | D:4      | Identified a scroll of acquirement
  3013 | D:4      | Acquired 1296 gold pieces
  3041 | D:4      | Noticed Pikel
  3049 | D:4      | Killed Pikel
  3050 | D:4      | Reached skill level 8 in Axes
  3050 | D:4      | Gained mutation: You are mostly covered in icy blue scales.
                  | (AC +3) [demonic ancestry]
  3050 | D:4      | Reached XP level 7. HP: 52/52 MP: 7/7
  3191 | D:4      | Found a staircase to the Ecumenical Temple.
  3200 | Temple   | Entered the Ecumenical Temple
  3314 | D:4      | Reached skill level 9 in Axes
  3314 | D:4      | Gained mutation: You have a tail ending in a sharp stinger.
                  | [demonic ancestry]
  3314 | D:4      | Reached XP level 8. HP: 56/58 MP: 8/8
  3428 | D:5      | Entered Level 5 of the Dungeon
  3667 | D:5      | Found a shimmering altar of Xom.
  3682 | D:5      | Identified the +5 ring mail of the Postmodern Ships {Regen+
                  | MP+9}
  3976 | D:5      | Found Itzis's Gadget Gallery.
  4025 | D:5      | Reached skill level 10 in Axes
  4330 | D:6      | Found a hide-covered altar of Uskayaw.
  4446 | D:6      | Noticed a troll
  4458 | D:6      | Killed a troll
  4459 | D:6      | Reached skill level 1 in Shields
  4877 | D:6      | Noticed Jeremiah
  4877 | D:6      | Noticed Prince Ribbit
  4898 | D:6      | Killed Prince Ribbit
  4899 | D:6      | Reached XP level 9. HP: 65/65 MP: 9/9
  4904 | D:6      | Killed Jeremiah
  4944 | D:6      | Noticed Dowan
  4945 | D:6      | Noticed Duvessa
  4954 | D:6      | Killed Dowan
  4962 | D:6      | Killed Duvessa
  5063 | D:6      | Noticed Sigmund
  5072 | D:6      | Killed Sigmund
  5436 | D:7      | Found a runed translucent gate.
  5436 | D:7      | Noticed a manticore
  5437 | D:7      | Found a runed translucent gate.
  5437 | D:7      | Found a runed translucent gate.
  5437 | D:7      | Noticed a manticore
  5437 | D:7      | Noticed a death yak
  5437 | D:7      | Noticed a polar bear
  5437 | D:7      | Noticed a manticore
  5706 | D:7      | Reached skill level 11 in Axes
  6113 | D:8      | Found a staircase to the Lair.
  6159 | D:8      | Reached skill level 5 in Fighting
  6160 | D:8      | Reached XP level 10. HP: 74/74 MP: 10/10
  6470 | D:8      | Reached ***** piety under Trog
  6559 | D:8      | Found Rela's Distillery.
  6567 | D:8      | Bought a potion of might for 60 gold pieces
  6567 | D:8      | Bought a potion of curing for 45 gold pieces
  6567 | D:8      | Bought a potion of heal wounds for 75 gold pieces
  6567 | D:8      | Bought a potion of attraction for 45 gold pieces
  7094 | D:9      | Found a hazy altar of Hepliaklqana.
  7145 | D:9      | Reached skill level 12 in Axes
  7145 | D:9      | Reached skill level 5 in Armour
  7328 | D:9      | Reached skill level 5 in Dodging
  7601 | D:9      | Found a snail-covered altar of Cheibriados.
  7601 | D:9      | Found a broken altar of Ashenzari.
  7620 | D:9      | Found a bloodstained altar of Trog.
  7624 | D:9      | Found a faded altar of an unknown god.
  7627 | D:9      | Found a faded altar of an unknown god.
  7664 | D:10     | Entered Level 10 of the Dungeon
  7692 | D:10     | Found an ornate altar of the Wu Jian Council.
  7826 | D:10     | Noticed a two-headed ogre
  7832 | D:10     | Killed a two-headed ogre
  7833 | D:10     | Gained mutation: You are shadowed, sometimes releasing foul
                  | flame when damaged in melee. [demonic ancestry]
  7833 | D:10     | Reached XP level 11. HP: 83/83 MP: 11/11
  7840 | D:10     | Found a staircase to the Orcish Mines.
  7856 | D:10     | Received a gift from Trog
  7975 | D:10     | Reached skill level 5 in Shields
  8130 | Lair:1   | Entered Level 1 of the Lair of Beasts
  8433 | Lair:1   | Gained mutation: You have a sharp stinger which inflicts
                  | weakening toxins. [demonic ancestry]
  8433 | Lair:1   | Reached XP level 12. HP: 67/89 MP: 12/12
  8434 | Lair:1   | Gained mutation: You are completely covered in icy blue
                  | scales. (AC +4, rC+) [demonic ancestry]
  8434 | Lair:1   | Reached XP level 13. HP: 72/95 MP: 13/13
  8538 | Lair:1   | Reached skill level 13 in Axes
  9338 | Lair:1   | Identified the ring "Dozapol" {rN+ Int+3}
  9777 | Lair:2   | Received a gift from Trog
 10602 | Lair:2   | Gained mutation: Your presence sometimes corrodes those you
                  | injure. [demonic ancestry]
 10602 | Lair:2   | Reached XP level 14. HP: 104/104 MP: 14/14
 10882 | Lair:2   | Found a staircase to the Shoals.
 11160 | Lair:3   | Found a staircase to the Snake Pit.
 11614 | Lair:3   | Reached skill level 10 in Shields
 12034 | Lair:4   | Noticed Nessos
 12286 | Lair:4   | Killed Nessos
 12327 | Lair:4   | Found a frozen archway.
 12406 | IceCv    | Entered an ice cave
 12697 | IceCv    | Noticed a reaper
 12714 | IceCv    | Killed a reaper
 12858 | IceCv    | Reached skill level 14 in Axes
 12876 | IceCv    | Received a gift from Trog
 13260 | Lair:4   | Noticed Nelug's ghost (journeyman OpSh)
 13267 | Lair:4   | Found a runed translucent gate.
 13267 | Lair:4   | Found a runed translucent gate.
 13269 | Lair:4   | Found a runed translucent gate.
 13859 | Lair:4   | Found a staircase to the Slime Pits.
 14051 | Lair:4   | Killed Nelug's ghost
 14145 | Lair:5   | Entered Level 5 of the Lair of Beasts
 14560 | Lair:5   | Reached XP level 15. HP: 106/113 MP: 15/15
 14568 | Lair:5   | Received a gift from Trog
 15160 | Lair:5   | Acquired the +0 pair of gloves of Mezcal {Fly Will+++ rCorr
                  | Str-2}
 15998 | Orc:1    | Entered Level 1 of the Orcish Mines
 16011 | Orc:1    | Noticed Jorgrun
 16042 | Orc:1    | Killed Jorgrun
 16043 | Orc:1    | Reached skill level 15 in Axes
 16180 | D:10     | Noticed Maggie
 16200 | D:10     | Killed Maggie
 16305 | D:10     | Identified the +5 lajatang of Resumed Hostilities
                  | {antimagic, rPois rN+} (Trog gifted it to you on level 10
                  | of the Dungeon)
 16305 | D:10     | Received a gift from Trog
 16323 | D:10     | Found Yptes's Jewellery Emporium.
 16328 | D:10     | Bought an amulet of regeneration for 360 gold pieces
 16328 | D:10     | Bought the ring of Bifuhaeq {^Drain +Blink rF++ rCorr
                  | Dex+6} for 810 gold pieces
 16561 | D:10     | Identified the +3 mace of World Downfall {flame, rElec
                  | rPois Str+2}
 16881 | D:11     | Noticed Snorg
 16897 | D:11     | Killed Snorg
 17556 | D:12     | Noticed Lodul
 17570 | D:12     | Killed Lodul
 17620 | D:12     | Found a runed translucent gate.
 17621 | D:12     | Found a runed translucent gate.
 17622 | D:12     | Found a runed translucent gate.
 17622 | D:12     | Noticed casual's ghost (journeyman CoMo)
 17794 | D:12     | Found a hide-covered altar of Uskayaw.
 17965 | D:12     | Reached skill level 10 in Fighting
 18008 | D:12     | Identified the +0 robe "Tekheg" {rElec rF+ rC+ rN+}
 18010 | D:12     | Found a roughly hewn altar of Beogh.
 18057 | D:12     | Received a gift from Trog
 18096 | D:12     | Killed casual's ghost
 18461 | Orc:2    | Entered Level 2 of the Orcish Mines
 18544 | Orc:2    | Reached ****** piety under Trog
 18676 | Orc:2    | Found Werik's Antique Armour Shop.
 18803 | Orc:2    | Found Buop's Distillery.
 18803 | Orc:2    | Found Duutunni's Magic Scroll Emporium.
 18803 | Orc:2    | Found Jaerumozomm's Magic Scroll Shoppe.
 18807 | Orc:2    | Found Xithror's Magic Scroll Boutique.
 18811 | Orc:2    | Bought a potion of cancellation for 96 gold pieces
 18811 | Orc:2    | Bought a potion of attraction for 36 gold pieces
 18811 | Orc:2    | Bought a potion of might for 48 gold pieces
 18811 | Orc:2    | Bought a potion of heal wounds for 60 gold pieces
 18811 | Orc:2    | Bought a potion of heal wounds for 60 gold pieces
 18814 | Orc:2    | Bought a scroll of identify for 28 gold pieces
 18814 | Orc:2    | Bought a scroll of identify for 28 gold pieces
 18814 | Orc:2    | Bought a scroll of identify for 28 gold pieces
 18814 | Orc:2    | Bought a scroll of teleportation for 42 gold pieces
 18814 | Orc:2    | Bought a scroll of teleportation for 42 gold pieces
 18814 | Orc:2    | Bought a scroll of blinking for 105 gold pieces
 18821 | Orc:2    | Bought a scroll of enchant weapon for 112 gold pieces
 18821 | Orc:2    | Bought a scroll of enchant weapon for 112 gold pieces
 18821 | Orc:2    | Bought a scroll of blinking for 112 gold pieces
 18821 | Orc:2    | Bought a scroll of blinking for 112 gold pieces
 18821 | Orc:2    | Bought a scroll of blinking for 112 gold pieces
 19062 | Orc:2    | Found a staircase to the Elven Halls.
 19164 | Orc:1    | Noticed Harold
 19169 | Orc:1    | Killed Harold
 19405 | D:7      | Identified the +0 leather armour "Luaheih" {rN+ rCorr}
 19548 | D:3      | Killed noobster's ghost
 19981 | Snake:1  | Entered Level 1 of the Snake Pit
 20007 | Snake:1  | Reached XP level 16. HP: 78/123 MP: 16/16
 20411 | Snake:1  | Received a gift from Trog
 20469 | Snake:1  | Found Joruef's Book Shoppe.
 20470 | Snake:1  | Found Gounu's Jewellery Boutique.
 20471 | Snake:1  | Found Sywishruu's Book Shoppe.
 20749 | Snake:2  | Reached skill level 16 in Axes
 20909 | Snake:2  | Found a runed translucent door.
 21618 | Snake:3  | Received a gift from Trog
 21689 | Snake:3  | Reached skill level 10 in Armour
 22018 | Snake:3  | Found a runed translucent gate.
 22019 | Snake:3  | Found a runed translucent gate.
 22019 | Snake:3  | Found an opulent altar of Gozag.
 22020 | Snake:3  | Found a runed translucent gate.
 22021 | Snake:3  | Noticed Vorhees's ghost (adept CoAr)
 22095 | Snake:3  | Killed Vorhees's ghost
 22205 | Snake:4  | Entered Level 4 of the Snake Pit
 22215 | Snake:4  | Reached skill level 10 in Shapeshifting
 22451 | Snake:4  | Reached skill level 10 in Dodging
 22528 | Snake:4  | Reached XP level 17. HP: 116/131 MP: 17/17
 22710 | Snake:4  | Identified the +8 battleaxe "Qempintu" {heavy, rC+ rN+
                  | Stlth-} (Trog gifted it to you on level 4 of the Snake Pit)
 22710 | Snake:4  | Received a gift from Trog
 23026 | Snake:4  | Reached skill level 17 in Axes
 23157 | Snake:4  | Got a serpentine rune of Zot
 23721 | Snake:4  | Received a gift from Trog
 24163 | Shoals:1 | Entered Level 1 of the Shoals
 24223 | Shoals:1 | Found Sizer's Distillery.
 24328 | Shoals:1 | Bought a potion of mutation for 96 gold pieces
 24328 | Shoals:1 | Bought a potion of cancellation for 96 gold pieces
 24328 | Shoals:1 | Bought a potion of cancellation for 96 gold pieces
 24364 | Shoals:1 | Found a runed translucent gate.
 24364 | Shoals:1 | Found a runed translucent gate.
 24364 | Shoals:1 | Found a runed translucent gate.
 24369 | Shoals:1 | Found the +8 demon blade "Leech" {evervamp, Harm ^Drain
                  | rN+}
 24617 | Shoals:1 | Received a gift from Trog
 24672 | Shoals:1 | Identified the +3 falchion "Sidioff" {drain, +Blink Str+3}
 25177 | Shoals:2 | Reached XP level 18. HP: 139/141 MP: 18/18
 25396 | Shoals:2 | Received a gift from Trog
 26410 | Shoals:3 | Found Ulucs's Magic Scroll Boutique.
 26418 | Shoals:3 | Bought a scroll of fear for 68 gold pieces
 26418 | Shoals:3 | Bought a scroll of fear for 68 gold pieces
 26418 | Shoals:3 | Bought a scroll of immolation for 68 gold pieces
 26688 | Shoals:3 | Reached skill level 18 in Axes
 26697 | Shoals:3 | Received a gift from Trog
 26917 | Shoals:4 | Entered Level 4 of the Shoals
 27264 | Shoals:4 | Acquired the +5 pair of boots of Jusyt {rC++}
 27925 | Shoals:4 | Identified the +9 broad axe "Tarauvva" {flame, *Slow Fly
                  | rF+ rN+}
 28074 | Shoals:4 | Got a barnacled rune of Zot
 29250 | D:13     | Noticed Kirke
 29260 | D:13     | Killed Kirke
 29269 | D:13     | Received a gift from Trog
 29468 | D:13     | Identified the +2 rapier "Efay" {chaos, rC+ Will+ Int+4}
 29625 | D:13     | Gained mutation: You regenerate a lot of health from kills.
                  | [demonic ancestry]
 29625 | D:13     | Reached XP level 19. HP: 150/150 MP: 19/19
 29789 | D:14     | Found a broken altar of Ashenzari.
 29841 | D:14     | Found a runed translucent gate.
 29842 | D:14     | Found a runed translucent gate.
 29846 | D:14     | Found a runed translucent gate.
 29849 | D:14     | Noticed Anay's ghost (journeyman FoFi)
 29851 | D:14     | Found a viscous altar of Jiyva.
 29876 | D:14     | Killed Anay's ghost
 29884 | D:14     | Identified the +2 helmet of Mutrarr {*Slow rC++ Str-5
                  | Stlth+}
 30036 | D:14     | Identified the +0 trident "Ysa Moho" {freeze, *Corrode rC-
                  | Int+5}
 30063 | D:14     | Found a gate to the Vaults.
 30181 | D:15     | Entered Level 15 of the Dungeon
 30473 | D:15     | Found a staircase to the Depths.
 30987 | Vaults:1 | Entered Level 1 of the Vaults
 31005 | Vaults:1 | Received a gift from Trog
 31631 | Vaults:1 | Acquired the ring "Dus Xeim" {+Blink rElec rN+ Str+6}
 32101 | Vaults:2 | You are sucked into a shaft and drop 2 floors!
 32314 | Vaults:2 | Reached skill level 15 in Shields
 32586 | Vaults:2 | Identified the +6 battleaxe of Tortfeasance {heavy, Dex+5}
                  | (Trog gifted it to you on level 2 of the Vaults)
 32586 | Vaults:2 | Received a gift from Trog
 32621 | Vaults:2 | Noticed Xtahua
 32633 | Vaults:2 | Killed Xtahua
 32634 | Vaults:2 | Gained mutation: Your presence sometimes corrodes or
                  | deforms those you injure. [demonic ancestry]
 32634 | Vaults:2 | Reached XP level 20. HP: 103/161 MP: 20/20
 32677 | Vaults:2 | Found a staircase to the Crypt.
 32761 | Vaults:2 | Reached skill level 15 in Fighting
 33348 | Vaults:3 | Received a gift from Trog
 33818 | Vaults:3 | Identified the +3 leather armour of Egaun {rF+ Str+6}
 34598 | Vaults:4 | Noticed Mennas
 34608 | Vaults:4 | Paralysed by a formless jellyfish for 1 turns
 34621 | Vaults:4 | Mangled by Mennas

Illustrated notes

Levels and vault maps discovered:
D:1:      lightli_arrival_statue_moat, layout_basic, serial_forest,
          infiniplex_forest_end_2, infiniplex_forest_straight_2,
          infiniplex_forest_lined_room_3, infiniplex_forest_clump_diagonal,
          infiniplex_forest_lined_3, infiniplex_forest_clump_tiny,
          shapermc_ecumenical_altar_starsandcircs, dreamdust_mushroom_princess
D:2:      layout_loops_ring, kennysheep_crisscross
D:3:      layout_rooms, portal_sewer_entry_b, ebering_ghost_disaster_area,
          kennysheep_path_1
D:4:      layout_rooms, pf_just_have_faith, kennysheep_mini_moat,
          minmay_temple_entry_mist, uniq_pikel
D:5:      layout_gridville, mainiacjoe_overflow_tiny_flanked,
          grunt_decor_one_mirror, chequers_serial_rivers_micro_d,
          hangedman_decor_lopped, nicolae_shop_gadgets
D:6:      layout_basic, mainiacjoe_overflow_cross_hatched, corner_web_ring,
          uniq_jeremiah, uniq_sigmund, uniq_duvessa, uniq_prince_ribbit1
D:7:      lemuel_bear_cage, layout_basic, dk_noncrumbling_4
D:8:      layout_gridville, dpeg_oklobed_lair, serial_shops,
          nicolae_stop_n_shop_2
D:9:      layout_roguey, mainiacjoe_overflow_surrounded_room,
          chequers_temple_overflow_minitemple
D:10:     layout_roguey, nzn_wu_jian_council_hall, zombieorc1_lemuel,
          serial_shops, nicolae_shop_tiny_real_fake_doors, minmay_holes,
          dk_noncrumbling_2, nicolae_where_there's_smoke, uniq_maggie
D:11:     layout_grid_maze, uniq_snorg
D:12:     layout_cave_pools, biasface_ghost_orc_armoury,
          eat_drink_and_be_merry_uskayaw, uniq_lodul
D:13:     four-leaf_vault, layout_stronghold, lightli_corner_chamber, uniq_kirke
D:14:     layout_cross, hellmonk_vaults_order_and_chaos, ashenzari_altar_1,
          gammafunk_ghost_ooze, minmay_statues_item
D:15:     grunt_enter_depths_snipers, layout_gridville
Temple:   hellmonk_temple_forest_ring
Lair:1:   layout_regular_city, serial_bayou_lagoon_b, serial_bayou_shore_a
Lair:2:   layout_loops_ring, minmay_shoals_entry_hut
Lair:3:   layout_gridlike, guppyfry_snake_entry_garden
Lair:4:   layout_roguey, dpeg_slime_entry_corner, gammafunk_ghost_split,
          portal_ice_cave_demonic_guard, grunt_megastairs_1,
          infiniplex_staircase_pool, uniq_nessos
Lair:5:   hangedman_lair_caniforms_friends, layout_gridlike, st_stairs_5,
          worms_lemuel, grunt_megastairs_5
Shoals:1: layout_shoals, serial_shops, nicolae_shop_window_shopping,
          nicolae_shoals_beach_cooler
Shoals:2: layout_shoals
Shoals:3: layout_shoals, serial_shops, shop, nicolae_shoals_flooded_hall,
          nicolae_shoals_former_cling_halls
Shoals:4: shoals_end_simple, layout_shoals
Snake:1:  layout_onion_interference, special_room, minmay_shop_grove
Snake:2:  cheibrodos_toxic_ritual, layout_rooms, serial_bayou_pond_b
Snake:3:  layout_concentric_octagons, ebering_ghost_gozag
Snake:4:  grunt_snake_rune_spirals, layout_onion, lemuel_fruit_tree
Orc:1:    layout_caves, uniq_harold, uniq_jorgrun
Orc:2:    st_orc_rangers, layout_caves, serial_shops, shop
Vaults:1: ontoclasm_vaults_eye, grunt_vaults_swirl,
          nicolae_vaults_heart-shaped_vault, nicolae_vaults_stepped_doors,
          nicolae_vaults_trapezoid_lopsided_1, nicolae_vaults_ring_of_whatevers,
          nicolae_vaults_what_the_h, nicolae_vaults_trapezoid_layered,
          v_misc_30, hangedman_vaults_stretched_pinwheel,
          ontoclasm_vaults_decontamination, layout_vaults_ring
Vaults:2: nicolae_vaults_meiosis, vaults_room_semicircle, vaults_dpeg_doors,
          minmay_crypt_entry_simple_corners, vaults_room_door_hall,
          nicolae_vaults_house_3, v_misc_8, nicolae_vaults_storage_closets_2,
          nicolae_vaults_sesquioval_fish, vaults_dpeg_cross, vaults_dpeg_ring,
          nicolae_vaults_house_1, layout_vaults_maze_snakey, uniq_xtahua
Vaults:3: ontoclasm_vaults_spin, vaults_room_pools, nicolae_vaults_triangles,
          v_misc_13, hangedman_vaults_restitches,
          nicolae_vaults_doubleplus_tesselated, nicolae_vaults_angled_halls,
          v_pattern_3, nicolae_vaults_six-pack, layout_vaults_omnigrid
Vaults:4: ontoclasm_vaults_tryst, v_pattern_5, v_misc_4,
          nicolae_vaults_twisting_passages, v_misc_12, grunt_vaults_twisty,
          hangedman_vaults_river_flow, nicolae_vaults_storage_room_water,
          nicolae_vaults_diamond_1, layout_vaults_big_room, uniq_mennas

Skill      XL: |  1  2  3  4  5  6  7  8  9 10 11 12 13 14 15 16 17 18 19 20 |
---------------+-------------------------------------------------------------+-----
Axes           | 3 4 5 6 8 9 10 11 12 13 14 15 16 17 18 | 18.1
Armour         | 2 4 5 6 8 9 10 11 12 13 | 13.0
Dodging        | 2 4 5 6 7 9 10 11 12 | 12.6
Shields        | 1 3 4 5 9 10 11 12 13 15 16 | 16.7
Fighting       | 5 6 7 9 10 11 12 13 14 15 | 15.8
Shapeshifting  | 7 8 9 10 11 12 | 12.5

Action                     |  1- 3 |  4- 6 |  7- 9 | 10-12 | 13-15 | 16-18 | 19-21 || total
---------------------------+-------+-------+-------+-------+-------+-------+-------++-------
  Melee: Hand axe          |   155 |   308 |       |       |       |       |       ||   463
         Tailslap          |       |    30 |    26 |    29 |   398 |   281 |   139 ||   903
         War axe           |       |       |   248 |       |  1260 |       |       ||  1508
         Battleaxe         |       |       |    15 |   229 |   108 |       |       ||   352
         Broad axe         |       |       |       |       |   509 |  1385 |   654 ||  2548
 Invoke: Berserk           |       |     3 |     5 |     1 |    16 |     6 |     3 ||    34
         Trog's Hand       |       |       |       |       |     1 |     3 |     1 ||     5
         Brothers in Arms  |       |       |       |       |     1 |     1 |     2 ||     4
  Evoke: Wand              |       |       |     3 |     1 |     2 |     2 |       ||     8
    Use: Scroll            |       |    11 |       |     2 |    23 |     6 |     5 ||    47
         Potion            |       |       |       |     3 |     4 |     4 |     2 ||    13
   Stab: Invisible         |       |       |     1 |       |     1 |       |       ||     2
         Distracted        |       |       |       |       |       |     1 |     2 ||     3
 Armour: Ring mail         |    69 |       |       |       |   186 |       |       ||   255
         Animal skin       |     4 |       |       |       |       |       |       ||     4
         Chain mail        |    21 |   188 |   184 |    33 |       |       |       ||   426
         Leather armour    |       |       |       |   134 |   212 |       |       ||   346
         Crystal plate arm |       |       |       |       |   605 |  1125 |       ||  1730
         Plate armour      |       |       |       |       |   343 |   145 |   510 ||   998
  Dodge: Dodged            |    97 |   154 |   143 |   154 |   675 |   335 |   281 ||  1839
  Block: Kite shield       |       |       |       |       |  1502 |  1339 |   722 ||  3563
         Reflection        |       |       |       |       |       |   171 |   103 ||   274

Table legend: (Time is in decaauts)
 A = Elapsed time spent in this place.
 B = Non-inter-level travel time spent in this place.
 C = Inter-level travel time spent in this place.
 D = Time resting spent in this place.
 E = Time spent auto-exploring this place.
 F = Levels seen in this place.
 G = Mean time per level.
                   A        B        C        D        E       F      G
               +--------+--------+--------+--------+--------+-----+--------+
         Total |  34735 |  32239 |   2496 |   1624 |  22044 |  37 |  938.8 |
       Dungeon |  13329 |  12100 |   1229 |    547 |   9050 |  15 |  888.6 |
        Temple |      1 |      1 |      0 |      0 |      0 |   1 |    1.0 |
          Lair |   7124 |   6568 |    556 |    726 |   3889 |   5 | 1424.8 |
        Shoals |   4026 |   3716 |    310 |    143 |   2577 |   4 | 1006.5 |
     Snake Pit |   4042 |   3909 |    133 |     94 |   2565 |   4 | 1010.5 |
  Orcish Mines |   1160 |   1000 |    160 |      0 |    709 |   2 |  580.0 |
        Vaults |   3695 |   3588 |    107 |      0 |   2668 |   4 |  923.8 |
         Sewer |    558 |    558 |      0 |     40 |    144 |   1 |  558.0 |
      Ice Cave |    797 |    797 |      0 |     71 |    440 |   1 |  797.0 |
               +--------+--------+--------+--------+--------+-----+--------+

Top non-repeatable levels by time:
 Snake:4: 1769 daAuts
  Lair:1: 1722 daAuts
  Lair:5: 1578 daAuts
  Lair:2: 1498 daAuts
Vaults:3: 1366 daAuts
    D:10: 1339 daAuts
Shoals:4: 1278 daAuts
    D:13: 1250 daAuts
  Lair:3: 1213 daAuts
     D:6: 1160 daAuts
  Lair:4: 1111 daAuts
Vaults:1: 1078 daAuts
Shoals:3: 1000 daAuts
     D:5: 967 daAuts
Shoals:1: 941 daAuts
